 Dungeon Crawl Stone Soup version 0.22-a0-558-gc2241811a9 (webtiles) character file.

31 Hercules1031 the Magician (level 3, -5/28 HPs)
             Began as a Gnoll Wanderer on June 27, 2018.
             Slain by a gnoll
             ... wielding a +0 spear
              (7 damage)
             ... on level 2 of the Dungeon.
             The game lasted 00:03:11 (1101 turns).

Hercules1031 the Magician (Gnoll Wanderer)          Turns: 1101, Time: 00:03:11

Health: -5/28      AC:  2    Str: 14    XL:     3   Next: 22%
Magic:  0/11       EV: 11    Int: 12    God:
Gold:   82         SH:  0    Dex: 17    Spells: 9/16 levels left

rFire    . . .     SeeInvis .   b - +0 quarterstaff
rCold    . . .     Gourm    .   (shield currently unavailable)
rNeg     . . .     Faith    .   d - +0 robe
rPois    .         Spirit   .   (no helmet)
rElec    .         Reflect  .   (no cloak)
rCorr    .         Harm     .   (no gloves)
MR       .....                  (no boots)
Stlth    ++........             (no amulet)
HPRegen  0.09/turn              (no ring)
MPRegen  0.12/turn              (no ring)

@: very slightly contaminated
A: distributed training, fangs 1, strong nose
a: no special abilities


You were on level 2 of the Dungeon.
You were not hungry.

You visited 1 branch of the dungeon, and saw 2 of its levels.

You collected 82 gold pieces.

Inventory:

Hand Weapons
 b - a +0 quarterstaff (weapon)
Armour
 d - a +0 robe (worn)
 i - a cursed +0 chain mail
Scrolls
 a - a scroll of magic mapping {unknown}
 c - 2 scrolls of teleportation
 e - a scroll of enchant weapon {unknown}
 g - a scroll of fear {unknown}
 m - a scroll of enchant armour {unknown}
Potions
 h - a potion of curing {unknown}
 j - a potion of haste {unknown}
 k - a potion of cancellation {unknown}
 l - a potion of berserk rage {unknown}
Comestibles
 f - 2 rations


   Skills:
 + Level 2.5 Fighting
 + Level 0.6 Short Blades
 + Level 0.6 Long Blades
 + Level 0.6 Axes
 + Level 0.6 Maces & Flails
 + Level 0.6 Polearms
 + Level 0.6 Staves
 + Level 0.6 Slings
 + Level 0.6 Bows
 + Level 0.6 Crossbows
 + Level 0.6 Throwing
 + Level 0.6 Armour
 + Level 0.6 Dodging
 + Level 0.6 Stealth
 + Level 4.5 Shields
 + Level 4.5 Unarmed Combat
 + Level 7.1 Spellcasting
 + Level 3.7 Conjurations
 + Level 0.4 Hexes
 + Level 0.4 Charms
 + Level 0.4 Summonings
 + Level 0.4 Necromancy
 + Level 0.4 Translocations
 + Level 0.4 Transmutations
 + Level 0.4 Fire Magic
 + Level 0.4 Ice Magic
 + Level 0.4 Air Magic
 + Level 0.4 Earth Magic
 + Level 0.4 Poison Magic
 + Level 0.8 Invocations
 + Level 0.6 Evocations


You had 9 spell levels left.
You knew the following spells:

 Your Spells              Type           Power        Failure   Level  Hunger
a - Magic Dart            Conj           ##..         3%          1    None
b - Blink                 Tloc           N/A          21%         2    #......
c - Call Imp              Summ           #.......     21%         2    #......
d - Slow                  Hex            #.......     21%         2    #......

Your spell library contained the following spells:

 Spells                   Type           Power        Failure   Level  Hunger
 Conjure Flame            Conj/Fire      #.......     21%         3    ###....
 Mephitic Cloud           Conj/Pois/Air  #.......     26%         3    ###....


Dungeon Overview and Level Annotations

Branches:
Dungeon (2/15)

Altars:


Innate Abilities, Weirdness & Mutations

Your experience applies equally to all skills.
You have very sharp teeth.
Your uncanny sense of smell can sniff out nearby items.


Message History

Aim: a gnoll, wielding a spear (severely wounded)
The magic dart hits the gnoll.
The gnoll is severely wounded.
The gnoll hits you but does no damage. The gnoll barely misses you.
You hit the gnoll.
The gnoll is moderately wounded.
The gnoll hits you from afar with a spear.
The gnoll hits you with a spear! The gnoll completely misses you.
The gnoll barely misses you. The gnoll hits you with a spear.
* * * LOW HITPOINT WARNING * * *
You thump the gnoll!
You kill the gnoll!
You have reached level 3!
Your experience leads to an increase in your attributes!
Increase (S)trength, (I)ntelligence, or (D)exterity?
You feel clever. The gnoll closely misses you.
The gnoll hits you from afar with a spear!
You die...

#.####.....#.....##
#.#.....######..##
...#####.#######.#
####.............#
#........#######.#
###..............#
..#####...###########
.....g#..........
#gg@.######## ###)..#
...#.# ###...# ##..#
..# ..# ..#


You could see 3 gnolls.

Vanquished Creatures
  A gnoll (D:2)
  A leopard gecko (D:1)
  2 bats (D:1)
  4 goblins
  3 hobgoblins
  2 kobolds
  5 frilled lizards
  A rat (D:2)
19 creatures vanquished.

Notes
Turn   | Place    | Note
-------+----------+-------------------------------------------
     0 | D:1      | Hercules1031 the Gnoll Wanderer began the quest for the Orb.
     0 | D:1      | Hercules1031 set off with: a +0 quarterstaff, a scroll of teleportation, a +0 robe, a ration
     0 | D:1      | Reached XP level 1. HP: 17/17 MP: 8/8
     2 | D:1      | Learned a level 1 spell: Magic Dart
   167 | D:1      | Reached XP level 2. HP: 23/23 MP: 1/10
   171 | D:1      | Learned a level 2 spell: Blink
   174 | D:1      | Learned a level 2 spell: Call Imp
   177 | D:1      | Learned a level 2 spell: Slow
  1100 | D:2      | HP: 1/23 [gnoll/spear (6)]
  1101 | D:2      | Reached XP level 3. HP: 2/28 MP: 0/11
  1101 | D:2      | Slain by a gnoll

Vault maps used:
D:1:      lightli_arrival_noodles, hangedman_abyss_or_decor_stabs
D:2:      nemelex_altar_shiori, nicolae_dithmenos_through_a_glass_darkly,
          serial_co_window_serial, co_window_paths_a, co_window_corner_a,
          co_window_corner_a, co_window_corner_a, co_window_corner_a,
          co_window_corner_a, co_window_paths_b, co_window_broadway_c,
          co_window_of_opportunity_b, co_window_2corner, co_window_paths_c,
          co_window_broadway_b, co_window_corner_b, glass_columns_b

Action                   || total
-------------------------++-------
Melee: Quarterstaff      ||     2
 Cast: Magic Dart        ||    48
Armor: Robe              ||     3
Dodge: Dodged            ||     5

Table legend:
 A = Spawn XP
 B = Non-spawn XP
 C = Spawn XP percentage of total XP
 D = Spawn monster count
 E = Non-spawn monster count
 F = Spawn count percentage of total count
 G = Total turns spent on level
                    A         B        C        D         E        F      G
               +---------+---------+-------+---------+---------+-------+---------
         Total |       0 |      45 |   0.0 |       0 |      19 |   0.0 |  1101
               +---------+---------+-------+---------+---------+-------+---------
           D:1 |       0 |      23 |   0.0 |       0 |      13 |   0.0 |   904
           D:2 |       0 |      22 |   0.0 |       0 |       6 |   0.0 |   197
               +---------+---------+-------+---------+---------+-------+---------
